 Dungeon Crawl Stone Soup version 0.27.0-1-g7a089689b8 (webtiles) character file.

Game seed: 3643506720979386210

210 Brandom the Chopper (level 5, -16/70 HPs)
             Began as a Hill Orc Abyssal Knight on Aug 11, 2021.
             Was a Follower of Lugonu.
             Killed from afar by Dowan (19 damage)
             ... with a shard of ice
             ... on level 4 of the Dungeon.
             The game lasted 00:10:28 (3642 turns).

Brandom the Chopper (Hill Orc Abyssal Knight)       Turns: 3642, Time: 00:10:29

Health: -16/70     AC: 11    Str: 14 (16) XL:     5   Next: 88%
Magic:  7/7        EV:  3    Int: 12      God:    Lugonu [*.....]
Gold:   186        SH:  3    Dex: 10      Spells: 4/4 levels left

rFire    . . .     SeeInvis .   a - +1 hand axe
rCold    . . .     Faith    .   j - +0 buckler
rNeg     . . .     Spirit   .   k - +0 plate armour
rPois    .         Reflect  .   (no helmet)
rElec    .         Harm     .   (no cloak)
rCorr    .         Rampage  .   (no gloves)
Will     .....                  (no boots)
Stlth    ..........             (no amulet)
HPRegen  0.21/turn              (no ring)
MPRegen  0.10/turn              (no ring)

@: berserking (expiring), lethally poisoned (-16 -> -29), very quick
A: no striking features
a: Renounce Religion, Depart the Abyss


You were on level 4 of the Dungeon.
You worshipped Lugonu.
Lugonu was aware of your devotion.
You visited 1 branch of the dungeon, and saw 4 of its levels.
You visited the Abyss 1 time.

You collected 186 gold pieces.

Inventory:

Hand Weapons
 a - a +1 hand axe (weapon)
Armour
 b - a +0 leather armour
 j - a +0 buckler (worn)
   (You found it on level 3 of the Dungeon)
 k - a +0 plate armour (worn)
   (You found it on level 4 of the Dungeon)
Scrolls
 d - 2 scrolls of teleportation {unknown}
 f - 4 scrolls of identify {unknown}
 g - a scroll of blinking {unknown}
 h - 2 scrolls of noise {unknown}
 i - 2 scrolls of amnesia {unknown}
Potions
 c - a potion of curing {unknown}
 e - a potion of degeneration {!q}
 l - 2 potions of berserk rage


   Skills:
 + Level 4.6 Fighting
 * Level 5.2 Axes
 + Level 3.3 Armour
 - Level 1.0 Dodging
 + Level 1.0 Shields
 + Level 3.8 Invocations


You had 4 spell levels left.
You didn't know any spells.
Your spell library contained the following spells:

 Spells                   Type           Power      Damage    Failure   Level
 Animate Skeleton         Necr           0%         N/A       100%        1
 Pain                     Necr           0%         1d4       100%        1
 Vampiric Draining        Necr           0%         2d6       100%        3


Dungeon Overview and Level Annotations

Branches:
Dungeon (4/15)
 Temple: D:4-7

Altars:
Qazlal
Sif Muna
Vehumet

Shops:
D:1 (

Annotations:
D:4 Dowan


Message History

The puff of flame hits you but does no damage.
Duvessa hits you but does no damage.
You hit Duvessa. You slash Dowan!
You feel sick.
Dowan hits you with a +1 dagger of venom.
You are more poisoned.
Unknown command.
You slash Duvessa! You hit Dowan.
You feel sick. Duvessa hits you with a +0 short sword.
Dowan points at Duvessa and mumbles some strange words.
Duvessa seems to speed up.
You slash Duvessa!
You kill Duvessa!
Lugonu accepts your kill.
Dowan seems overcome with grief, but rights himself reflexively soon after.
Dowan seems to find hidden reserves of power!
Your plate armour prevents you from hitting Dowan.
You feel sick. Dowan hits you but does no damage.
You are more poisoned.
You feel your strength returning.
You feel your intelligence returning.
You feel your dexterity returning.
Your Axes skill increases to level 5!
Your Shields skill increases to level 1!
You have reached level 5!
You feel stronger.
You completely miss Dowan.
You feel very sick. Dowan hits you but does no damage.
Your plate armour prevents you from hitting Dowan.
You feel sick. Dowan hits you but does no damage.
You are more poisoned.
You miss Dowan.
You feel very sick. You block Dowan's attack.
You barely miss Dowan.
You feel very sick. Dowan hits you but does no damage.
You slash Dowan!
You feel sick. You block Dowan's attack.
You closely miss Dowan.
You feel very sick. Dowan hits you but does no damage.
You are more poisoned.
You closely miss Dowan.
* * * LOW HITPOINT WARNING * * *
You feel very sick.
Dowan points at you and mumbles some strange words.
The shard of ice hits you!
* * * LOW HITPOINT WARNING * * *
Dowan gestures at you while chanting. The shard of ice hits you!!
You die...

##....###. #........
#........ # #..#....#
##.###..#..#.#
...........#.###.#.
...................
........e).........
........#@.#....#..
..e....##..##...#.
......##............
#.##...#.....##.#...#
###. #
##........#..##...##.#.
##..........#..>. ..##
#..........##..###..#
##........>........#.
#...............#...


You could see Dowan (fast).

Vanquished Creatures
  Duvessa (D:4)
  A centaur skeleton (D:3)
  2 adders
  2 worms
  A dart slug (D:1)
  3 orcs
  9 ball pythons
  5 bats
  8 endoplasms
  3 goblins
  6 hobgoblins
  A quokka (D:2)
  6 frilled lizards
  2 kobolds (D:1)
  3 rats
53 creatures vanquished.

Vanquished Creatures (others)
  5 plants (D:2)
5 creatures vanquished.

Grand Total: 58 creatures vanquished

Notes
Turn   | Place    | Note
-------+----------+-------------------------------------------
     0 | Abyss:1  | Brandom the Hill Orc Abyssal Knight began the quest for the
                  | Orb.
     0 | Abyss:1  | Reached XP level 1. HP: 19/19 MP: 2/2
    64 | Abyss:1  | Found a corrupted altar of Lugonu.
    84 | Abyss:1  | Noticed a ynoxinul
    90 | Abyss:1  | Found a corrupted altar of Lugonu.
    92 | Abyss:1  | Noticed a small abomination
   109 | D:1      | Escaped the Abyss
   540 | D:1      | Reached skill level 3 in Axes
   550 | D:1      | Reached XP level 2. HP: 21/27 MP: 3/3
   620 | D:1      | Reached skill level 1 in Dodging
   679 | D:1      | Found a faded altar of an unknown god.
   752 | D:1      | Found Rupre's Weapon Emporium.
   772 | D:1      | Reached * piety under Lugonu
  1181 | D:2      | Reached XP level 3. HP: 14/33 MP: 5/5
  2236 | D:3      | Reached skill level 4 in Axes
  2321 | D:3      | Reached XP level 4. HP: 40/40 MP: 6/6
  3274 | D:3      | Found a shimmering blue altar of Sif Muna.
  3277 | D:3      | Found a radiant altar of Vehumet.
  3321 | D:3      | Found a stormy altar of Qazlal.
  3614 | D:4      | Noticed Dowan
  3625 | D:4      | Noticed Duvessa
  3635 | D:4      | Killed Duvessa
  3636 | D:4      | Reached skill level 5 in Axes
  3636 | D:4      | Reached skill level 1 in Shields
  3636 | D:4      | Reached XP level 5. HP: 35/47 MP: 7/7
  3642 | D:4      | HP: 3/70 [Dowan/shard of ice (13)]
  3642 | D:4      | Killed from afar by Dowan

Illustrated notes

Levels and vault maps discovered:
D:1:      dpeg_arrival_orchard, layout_basic, hellmonk_ecumenical_altar_run_dry,
          serial_shops, shop
D:2:      layout_rooms, chequers_big_river
D:3:      layout_loops_ring, grunt_temple_overflow_diamond
D:4:      layout_cave_pools, uniq_duvessa

Skill      XL: |  1  2  3  4 |
---------------+-------------+-----
Axes           | 3 4 5 |  5.2
Dodging        | 1 |  1.0
Fighting       | 4 |  4.6
Invocations    | 3 |  3.8
Armour         | 3 |  3.3
Shields        | 1 |  1.0

Action                   |  1- 3 |  4- 6 || total
-------------------------+-------+-------++-------
Melee: Hand axe          |   104 |    85 ||   189
Invok: Depart the Abyss  |     1 |       ||     1
  Use: Potion            |       |     2 ||     2
Armor: Leather armour    |    34 |    26 ||    60
       Plate armour      |       |    12 ||    12
Dodge: Dodged            |    70 |    39 ||   109
Block: Buckler           |       |     4 ||     4
